AoeStats
← daniloangst

MegaRandom

508870686Analyzed
4v4 RM · 7d ago on Sep 24, 2026· 39m 25s· 8 players
Game mode
Random Map
Map size
Large (8 player)
Population
200
Speed
Normal
Resources
Standard
Victory
Conquest
Starting age
Dark Age
Ending age
Imperial Age
RankedLock teamsTeams togetherTeam positionsShared explorationLock speedFull tech treeHidden civsTurbo modeCheats
Victory
Defeat
🇨🇳 Mapuche · China
1498
+7
🇭🇰 Varangians · Hong Kong SAR China
1289
+14
🇭🇰 Khmer · Hong Kong SAR China
1220
+17
🇨🇳 Franks · China
1188
+19
🇳🇿 Bulgarians · New Zealand
1317
-17
🇲🇾 Celts · Malaysia
1279
-15
🇨🇭 Britons · Switzerland
1219
-13
🇩🇪 Franks · Germany
1212
-12
daniloangst
3:04 Loom
10:52 Feudal Age
17:18 Castle Age
15:57 Fletching
16:09 Padded Archer Armor
17:14 Double-Bit Axe
17:56 Elite Skirmisher
19:53 Wheelbarrow
20:28 Scale Mail Armor
25:20 Horse Collar
25:37 Town Watch
28:38 Bow Saw
28:32 Heavy Plow
30:25 Bodkin Arrow
35:43 Pikeman
36:26 Squires
37:47 Leather Archer Armor
[GG] Fred_The_Bodyguard
7:08 Loom
9:23 Feudal Age
15:48 Castle Age
14:53 Double-Bit Axe
18:25 Husbandry
18:23 Gold Mining
21:56 Wheelbarrow
21:59 Forging
24:03 Stone Mining
26:51 Gold Shaft Mining
27:40 Iron Casting
27:53 Scale Barding Armor
34:44 Chain Barding Armor
aloofIy
7:10 Loom
9:47 Feudal Age
10:27 Double-Bit Axe
10:23 Horse Collar
16:39 Fletching
22:58 Castle Age
23:51 Bodkin Arrow
25:24 Bow Saw
32:31 Wheelbarrow
32:21 Scale Barding Armor
32:27 Forging
長安
6:58 Loom
10:00 Feudal Age
11:07 Man-at-Arms
12:00 Double-Bit Axe
11:45 Man-at-Arms
13:36 Fletching
14:16 Padded Archer Armor
25:50 Castle Age
24:07 Horse Collar
24:24 Gold Mining
25:55 Elite Skirmisher
26:31 Bodkin Arrow
小蛋糕
5:29 Loom
11:27 Feudal Age
15:50 Double-Bit Axe
19:58 Horse Collar
25:20 Castle Age
24:22 Bloodlines
26:34 Husbandry
27:05 Bow Saw
29:30 Wheelbarrow
31:32 Hand Cart
37:08 Imperial Age
39:10 Cavalier
涅槃
7:21 Loom
9:42 Feudal Age
12:35 Double-Bit Axe
15:47 Fletching
16:35 Horse Collar
22:46 Castle Age
23:23 Stone Mining
23:25 Gold Mining
23:05 Crossbowman
23:43 Bodkin Arrow
32:18 Wheelbarrow
31:28 Town Watch
36:00 Imperial Age
34:58 Gold Shaft Mining
36:16 Elite Bolas Rider
37:23 Padded Archer Armor
38:12 Conscription
38:43 Malon
40:00 Ballistics
嘤嘤鹰
10:49 Feudal Age
14:35 Castle Age
12:52 Double-Bit Axe
16:29 Bow Saw
21:32 Scale Barding Armor
21:49 Husbandry
24:10 Forging
25:44 Loom
26:45 Chain Barding Armor
27:02 Wheelbarrow
27:24 Iron Casting
35:52 Imperial Age
38:20 Conscription
37:26 Capped Ram
39:08 Plate Barding Armor
39:33 Blast Furnace
37:57 Cavalier
仙北
6:54 Loom
9:43 Feudal Age
10:25 Double-Bit Axe
16:03 Fletching
17:29 Padded Archer Armor
20:29 Horse Collar
21:33 Wheelbarrow
24:37 Castle Age
24:06 Gold Mining
24:44 Crossbowman
25:23 Bodkin Arrow
26:27 Bow Saw
28:26 Ballistics
31:50 Leather Archer Armor
35:10 Imperial Age
35:00 Town Watch
35:17 Heavy Plow
36:33 Bracer
38:16 Heavy Mounted Crossbowman
38:17 Cranequins
39:38 Stone Mining
Connection lost

Rejoining the realm…

Still unreachable

The connection could not be restored.

Session expired

The server has moved on; the page needs a fresh start.